| TOP OF THE 1ST |
|
New York Yankees batting - Pitching for Boston Red Sox : RHP Roger Alexander
|
|
Pitching: RHP Roger Alexander
|
|
|
Batting: SHB Tim Raines
|
0-0: Ball 1-0: Called Strike 1-1: Ground out 6-3 (Groundball, 6, EV 107.5 MPH)
|
|
Batting: SHB Willie Wilson
|
0-0: Ball 1-0: Ball 2-0: Swinging Strike 2-1: Swinging Strike 2-2: Strikes out swinging
|
|
Batting: LHB Wade Boggs
|
0-0: Foul Ball, location: 2F 0-1: Ball 1-1: Foul Ball, location: 2F 1-2: Foul Ball, location: 2F 1-2: Ball 2-2: Ball 3-2: SINGLE (Flyball, 56D, EV 89.4 MPH)
|
|
Batting: RHB David Hall
|
0-0: Fly out, F8 (Line Drive, 8RM, EV 105.0 MPH)
|
| Top of the 1st over - 0 runs, 1 hit, 0 errors, 1 left on base; New York 0 - Boston 0 |
| BOTTOM OF THE 1ST |
|
Boston Red Sox batting - Pitching for New York Yankees : LHP Rick Honeycutt
|
|
Pitching: LHP Rick Honeycutt
|
|
|
Batting: LHB Claudell Washington
|
0-0: Ball 1-0: Foul Ball, location: 2F 1-1: Fly out, F7 (Flyball, 7S, EV 86.9 MPH)
|
|
Batting: SHB Dave Collins
|
0-0: Called Strike 0-1: Ball 1-1: Foul Ball, location: 2F 1-2: Fly out, F6 (Flyball, 56D, EV 86.9 MPH)
|
|
Batting: LHB Willie Aikens
|
0-0: Called Strike 0-1: Ground out 4-3 (Groundball, 34, EV 96.9 MPH)
|
| Bottom of the 1st over - 0 runs, 0 hits, 0 errors, 0 left on base; New York 0 - Boston 0 |
| TOP OF THE 2ND |
|
New York Yankees batting - Pitching for Boston Red Sox : RHP Roger Alexander
|
|
Batting: LHB Kent Hrbek
|
0-0: Ball 1-0: Ball 2-0: Called Strike 2-1: DOUBLE (Line Drive, 7LM, EV 100.0 MPH)
|
|
Batting: RHB Rod Allen
|
0-0: Fly out, F8 (Line Drive, 8RD, EV 83.8 MPH)
|
|
Batting: SHB Jerry Manuel
|
0-0: Ball 1-0: Ball 2-0: Called Strike 2-1: Ball 3-1: Ground out U3 (Groundball, 3S, EV 65.0 MPH) Kent Hrbek to third
|
|
Batting: LHB Mario Cabrera
|
0-0: Ball 1-0: Swinging Strike 1-1: Foul Ball, location: 2F 1-2: Strikes out swinging
|
| Top of the 2nd over - 0 runs, 1 hit, 0 errors, 1 left on base; New York 0 - Boston 0 |
| BOTTOM OF THE 2ND |
|
Boston Red Sox batting - Pitching for New York Yankees : LHP Rick Honeycutt
|
|
Batting: RHB Richie Zisk
|
0-0: Ball 1-0: Ball 2-0: Foul Ball, location: 2F 2-1: Called Strike 2-2: Ball 3-2: SINGLE (Line Drive, 8RS, EV 109.4 MPH)
|
|
Batting: RHB Mark Grady
|
0-0: Ball 1-0: Ball 2-0: Ball 3-0: Called Strike 3-1: Called Strike 3-2: Base on Balls Richie Zisk to second
|
|
Batting: RHB Kevin Klettke
|
0-0: Called Strike 0-1: Grounds into double play, 5-4-3 (Groundball, 5S, EV 83.1 MPH) Richie Zisk to third
|
|
Batting: SHB Phil Ouellette
|
0-0: Called Strike 0-1: Ball 1-1: Fly out, F6 (Popup, 6MD, EV 46.3 MPH)
|
| Bottom of the 2nd over - 0 runs, 1 hit, 0 errors, 1 left on base; New York 0 - Boston 0 |
| TOP OF THE 3RD |
|
New York Yankees batting - Pitching for Boston Red Sox : RHP Roger Alexander
|
|
Batting: LHB Tim Norrid
|
0-0: Called Strike 0-1: Ball 1-1: Ball 2-1: Ball 3-1: Base on Balls
|
|
Batting: SHB Tim Raines
|
0-0: Ball 1-0: Fly out, F8 (Flyball, 8LXD, EV 95.0 MPH)
|
|
Batting: SHB Willie Wilson
|
0-0: Ball 1-0: SINGLE (Line Drive, 89S, EV 98.1 MPH) Tim Norrid to second Runner from 2nd tries for 3rd, SAFE, throw by RF made to third
|
|
Batting: LHB Wade Boggs
|
0-0: Ball Wild Pitch! Tim Norrid scores Willie Wilson to second 1-0: Fly out, F7 (Flyball, 7LM, EV 94.4 MPH) Runner from 2nd tags up, SAFE at 3rd with throw by LF
|
|
Batting: RHB David Hall
|
0-0: Called Strike 0-1: Ball 1-1: Foul Ball, location: 2F 1-2: Ball 2-2: Reached on error, E6 (Groundball, 56, EV 80.6 MPH) Willie Wilson scores
|
|
Batting: LHB Kent Hrbek
|
0-0: Ball 1-0: Called Strike David Hall steals 2nd base 1-1: DOUBLE (Flyball, 89XD, EV 91.9 MPH) David Hall scores
|
|
Batting: RHB Rod Allen
|
0-0: Called Strike 0-1: Swinging Strike 0-2: Foul Ball, location: 2F 0-2: Ball 1-2: Ball 2-2: Ball 3-2: Foul Ball, location: 2F 3-2: Foul Ball, location: 2F 3-2: Strikes out swinging
|
| Top of the 3rd over - 3 runs, 2 hits, 1 error, 1 left on base; New York 3 - Boston 0 |
| BOTTOM OF THE 3RD |
|
Boston Red Sox batting - Pitching for New York Yankees : LHP Rick Honeycutt
|
|
Batting: LHB Daryl Sconiers
|
0-0: Ball 1-0: Foul Ball, location: 2F 1-1: Called Strike 1-2: Ground out 5-3 (Groundball, 56, EV 81.3 MPH)
|
|
Batting: RHB Josh Grimes
|
0-0: Fly out, F6 (Flyball, 5D, EV 98.1 MPH)
|
|
Batting: LHB Claudell Washington
|
0-0: Fly out, F4 (Line Drive, 4, EV 64.4 MPH)
|
| Bottom of the 3rd over - 0 runs, 0 hits, 0 errors, 0 left on base; New York 3 - Boston 0 |
| TOP OF THE 4TH |
|
New York Yankees batting - Pitching for Boston Red Sox : RHP Roger Alexander
|
|
Batting: SHB Jerry Manuel
|
0-0: Called Strike 0-1: Called Strike 0-2: Ball 1-2: Ball 2-2: Ball 3-2: Base on Balls
|
|
Batting: LHB Mario Cabrera
|
0-0: Called Strike 0-1: Called Strike 0-2: Fly out, F6 (Popup, 6MD, EV 46.9 MPH)
|
|
Batting: LHB Tim Norrid
|
0-0: Called Strike 0-1: Foul Ball, location: 2F 0-2: Ball 1-2: Strikes out swinging
|
|
Batting: SHB Tim Raines
|
0-0: Ball Jerry Manuel is caught stealing 2nd base 2-6
|
| Top of the 4th over - 0 runs, 0 hits, 0 errors, 0 left on base; New York 3 - Boston 0 |
| BOTTOM OF THE 4TH |
|
Boston Red Sox batting - Pitching for New York Yankees : LHP Rick Honeycutt
|
|
Batting: SHB Dave Collins
|
0-0: Ball 1-0: Called Strike 1-1: SINGLE (Line Drive, 8LS, EV 105.0 MPH)
|
|
Batting: LHB Willie Aikens
|
0-0: SINGLE (Groundball, 25, EV 64.4 MPH) (infield hit) Dave Collins to second
|
|
Batting: RHB Richie Zisk
|
0-0: Ball 1-0: Called Strike 1-1: Ball Willie Aikens steals 2nd base (no throw) Dave Collins steals 3rd base 2-1: Called Strike 2-2: Foul Ball, location: 2F 2-2: Strikes out swinging
|
|
Batting: RHB Mark Grady
|
0-0: Called Strike 0-1: Ball 1-1: Ball 2-1: Ball 3-1: Called Strike 3-2: Fly out, F9 (Line Drive, 9, EV 101.9 MPH) Runner from 3rd tags up, SCORES, throw by RF Willie Aikens to third
|
|
Batting: RHB Kevin Klettke
|
0-0: Ball 1-0: SINGLE (Line Drive, 7LS, EV 90.6 MPH) Willie Aikens scores
|
|
Batting: SHB Phil Ouellette
|
0-0: Called Strike 0-1: Ball 1-1: Foul Ball, location: 2F 1-2: Strikes out looking
|
| Bottom of the 4th over - 2 runs, 3 hits, 0 errors, 1 left on base; New York 3 - Boston 2 |
| TOP OF THE 5TH |
|
New York Yankees batting - Pitching for Boston Red Sox : RHP Roger Alexander
|
|
Pitching: RHP Don Sutton
|
|
|
Batting: SHB Tim Raines
|
0-0: Called Strike 0-1: Foul Ball, location: 2F 0-2: Ball 1-2: Ball 2-2: Fly out, F9 (Flyball, 89D, EV 89.4 MPH)
|
|
Batting: SHB Willie Wilson
|
0-0: Ball 1-0: Called Strike 1-1: SOLO HOME RUN (Flyball, 9D, EV 92.5 MPH) (Inside the Park)
|
|
Batting: LHB Wade Boggs
|
0-0: Foul Ball, location: 2F 0-1: Foul Ball, location: 2F 0-2: Foul Ball, location: 2F 0-2: Foul Ball, location: 2F 0-2: Ball 1-2: Ball 2-2: Fly out, F5 (Popup, 5, EV 71.3 MPH)
|
|
Batting: RHB David Hall
|
0-0: Ball 1-0: Swinging Strike 1-1: Swinging Strike 1-2: Fly out, F9 (Flyball, 9D, EV 86.9 MPH)
|
| Top of the 5th over - 1 run, 1 hit, 0 errors, 0 left on base; New York 4 - Boston 2 |
| BOTTOM OF THE 5TH |
|
Boston Red Sox batting - Pitching for New York Yankees : LHP Rick Honeycutt
|
|
Pitching: LHP Jose Paz
|
|
|
Batting: LHB Daryl Sconiers
|
0-0: Called Strike 0-1: Called Strike 0-2: Ball 1-2: Strikes out looking
|
|
Batting: RHB Josh Grimes
|
0-0: Ball 1-0: Fly out, F8 (Flyball, 8LD, EV 80.0 MPH)
|
|
Batting: LHB Claudell Washington
|
0-0: Ground out U3 (Groundball, 3, EV 100.6 MPH)
|
| Bottom of the 5th over - 0 runs, 0 hits, 0 errors, 0 left on base; New York 4 - Boston 2 |
| TOP OF THE 6TH |
|
New York Yankees batting - Pitching for Boston Red Sox : RHP Don Sutton
|
|
Batting: LHB Kent Hrbek
|
0-0: Ball 1-0: Called Strike 1-1: Ball 2-1: Fly out, F9 (Flyball, 9LD, EV 104.4 MPH)
|
|
Batting: RHB Rod Allen
|
0-0: Ground out 6-3 (Groundball, 4M, EV 105.6 MPH)
|
|
Batting: SHB Jerry Manuel
|
0-0: Called Strike 0-1: Ball 1-1: Foul Ball, location: 2F 1-2: Ball 2-2: Ball 3-2: Ground out 4-3 (Groundball, 4MS, EV 73.8 MPH)
|
| Top of the 6th over - 0 runs, 0 hits, 0 errors, 0 left on base; New York 4 - Boston 2 |
| BOTTOM OF THE 6TH |
|
Boston Red Sox batting - Pitching for New York Yankees : LHP Jose Paz
|
|
Batting: SHB Dave Collins
|
0-0: Ground out 4-3 (Groundball, 13, EV 83.8 MPH)
|
|
Batting: LHB Willie Aikens
|
0-0: Fly out, F5 (Popup, 5F, EV 69.4 MPH)
|
|
Batting: RHB Richie Zisk
|
0-0: Called Strike 0-1: Ball 1-1: Ball 2-1: Ball 3-1: Foul Ball, location: 2F 3-2: Base on Balls
|
|
Batting: RHB Mark Grady
|
0-0: Ball 1-0: Foul Ball, location: 2F 1-1: Called Strike 1-2: Foul Ball, location: 2F 1-2: Fly out, F9 (Flyball, 9S, EV 89.4 MPH)
|
| Bottom of the 6th over - 0 runs, 0 hits, 0 errors, 1 left on base; New York 4 - Boston 2 |
| TOP OF THE 7TH |
|
New York Yankees batting - Pitching for Boston Red Sox : RHP Don Sutton
|
|
Batting: LHB Mario Cabrera
|
0-0: Fly out, F7 (Flyball, 7, EV 81.3 MPH)
|
|
Batting: LHB Tim Norrid
|
0-0: Ball 1-0: Foul Ball, location: 2F 1-1: Called Strike 1-2: Ball 2-2: Fly out, F6 (Popup, 6MS, EV 72.5 MPH)
|
|
Pinch Hitting: RHB Vic Rodriguez
|
0-0: Called Strike 0-1: Ball 1-1: Foul Ball, location: 2F 1-2: Ball 2-2: Fly out, F8 (Flyball, 8RS, EV 69.4 MPH)
|
| Top of the 7th over - 0 runs, 0 hits, 0 errors, 0 left on base; New York 4 - Boston 2 |
| BOTTOM OF THE 7TH |
|
Boston Red Sox batting - Pitching for New York Yankees : LHP Jose Paz
|
|
Now at SS: Vic Rodriguez
|
|
|
Batting: RHB Kevin Klettke
|
0-0: Ball 1-0: Called Strike 1-1: Foul Ball, location: 2F 1-2: Foul Ball, location: 2F 1-2: DOUBLE (Line Drive, 89D, EV 104.4 MPH)
|
|
Batting: SHB Phil Ouellette
|
0-0: Foul Ball, location: 2F 0-1: Called Strike 0-2: Strikes out swinging
|
|
Batting: LHB Daryl Sconiers
|
0-0: Foul Ball, location: 2F 0-1: Foul Ball, location: 2F 0-2: Strikes out swinging
|
|
Batting: RHB Josh Grimes
|
0-0: Ball 1-0: Ball 2-0: Ball 3-0: Base on Balls
|
|
Batting: RHB Jeff Burroughs
|
0-0: Ball 1-0: Ball 2-0: Called Strike 2-1: Ball 3-1: Base on Balls Kevin Klettke to third Josh Grimes to second
|
|
Pinch Hitting: LHB Larry Harlow
|
0-0: Foul Ball, location: 2F 0-1: Foul Ball, location: 2F 0-2: Ball 1-2: Foul Ball, location: 2F 1-2: Ball 2-2: Fielders Choice at 2nd, 6-4 (Groundball, 6, EV 95.0 MPH)
|
| Bottom of the 7th over - 0 runs, 1 hit, 0 errors, 3 left on base; New York 4 - Boston 2 |
| TOP OF THE 8TH |
|
New York Yankees batting - Pitching for Boston Red Sox : RHP Don Sutton
|
|
Now in RF: Larry Harlow
|
|
|
Batting: SHB Willie Wilson
|
0-0: Ground out 5-3 (Groundball, 25, EV 67.5 MPH)
|
|
Batting: LHB Wade Boggs
|
0-0: Ball 1-0: Swinging Strike 1-1: Fly out, F9 (Flyball, 9S, EV 86.3 MPH)
|
|
Pinch Hitting: LHB Jessie Reid
|
0-0: Called Strike 0-1: Ball 1-1: Swinging Strike 1-2: Foul Ball, location: 2F 1-2: Ball 2-2: Ball 3-2: Foul Ball, location: 2F 3-2: Fly out, F7 (Flyball, 78S, EV 90.0 MPH)
|
| Top of the 8th over - 0 runs, 0 hits, 0 errors, 0 left on base; New York 4 - Boston 2 |
| BOTTOM OF THE 8TH |
|
Boston Red Sox batting - Pitching for New York Yankees : LHP Jose Paz
|
|
Now at C: Ron Hassey
|
|
|
Now at 3B: Jordan Medrano
|
|
|
Now at SS: Emanuel Cortez
|
|
|
Now in CF: Jessie Reid
|
|
|
Pinch Hitting: LHB Steven Mobberley
|
0-0: Called Strike 0-1: Foul Ball, location: 2F 0-2: Ground out 4-3 (Groundball, 4, EV 92.5 MPH)
|
|
Pinch Hitting: RHB Kelly Heath
|
0-0: Ball 1-0: Ball 2-0: Foul Ball, location: 2F 2-1: Ball 3-1: Called Strike 3-2: Strikes out swinging
|
|
Pinch Hitting: SHB Nelson Norman
|
0-0: Called Strike 0-1: Swinging Strike 0-2: Ball 1-2: Strikes out swinging
|
| Bottom of the 8th over - 0 runs, 0 hits, 0 errors, 0 left on base; New York 4 - Boston 2 |
| TOP OF THE 9TH |
|
New York Yankees batting - Pitching for Boston Red Sox : RHP Don Sutton
|
|
Now at 1B: Steven Mobberley
|
|
|
Now at SS: Nelson Norman
|
|
|
Now in LF: Kelly Heath
|
|
|
Batting: LHB Kent Hrbek
|
0-0: Ball 1-0: Swinging Strike 1-1: SINGLE (Groundball, 4MD, EV 100.6 MPH)
|
|
Pitching: RHP Dick Ruthven
|
|
|
Pinch Hitting: SHB Larry Hyman
|
0-0: Fly out, F9 (Flyball, 89S, EV 89.4 MPH)
|
|
Batting: SHB Jerry Manuel
|
0-0: Ball 1-0: Foul Ball, location: 2F 1-1: Called Strike 1-2: Ball 2-2: Fly out, F8 (Line Drive, 8LD, EV 95.6 MPH)
|
|
Batting: LHB George Kaage
|
0-0: Ball 1-0: Ball 2-0: Foul Ball, location: 2F 2-1: Ball 3-1: Base on Balls Kent Hrbek to second
|
|
Batting: LHB Ron Hassey
|
0-0: Called Strike 0-1: SINGLE (Groundball, 4MD, EV 106.9 MPH) (infield hit) Kent Hrbek to third George Kaage to second
|
|
Batting: RHB Emanuel Cortez
|
0-0: Ball 1-0: Ball 2-0: Fly out, F9 (Flyball, 89M, EV 95.6 MPH)
|
| Top of the 9th over - 0 runs, 2 hits, 0 errors, 3 left on base; New York 4 - Boston 2 |
| BOTTOM OF THE 9TH |
|
Boston Red Sox batting - Pitching for New York Yankees : LHP Jose Paz
|
|
Pitching: RHP Manny Sarmiento
|
|
|
Now at 1B: Tony Ramirez
|
|
|
Now in LF: Larry Hyman
|
|
|
Pinch Hitting: SHB Scotti Madison
|
0-0: Ball 1-0: Ball 2-0: Called Strike 2-1: Foul Ball, location: 2F 2-2: Strikes out swinging
|
|
Pinch Hitting: RHB Dave Malpeso
|
0-0: Swinging Strike 0-1: Called Strike 0-2: Ball 1-2: Strikes out swinging
|
|
Pinch Hitting: RHB Tito Landrum
|
0-0: Ball 1-0: Called Strike 1-1: Ground out 6-3 (Groundball, 6D, EV 107.5 MPH)
|
| Bottom of the 9th over - 0 runs, 0 hits, 0 errors, 0 left on base; New York 4 - Boston 2 |
|